 Dungeon Crawl Stone Soup version 0.20.1-1-g8b1a95d (webtiles) character file.

128 Echep the Stinger (level 5, -5/28 HPs)
             Began as a Tengu Venom Mage on Nov 11, 2017.
             Slain by an orc warrior
             ... wielding a +0 battleaxe
              (18 damage)
             ... on level 3 of the Dungeon.
             The game lasted 00:18:38 (1850 turns).

Echep the Stinger (Tengu Venom Mage)                Turns: 1850, Time: 00:18:39

Health: -5/28      AC:  2    Str:  8    XL:     5   Next: 12%
Magic:  4/10       EV: 15    Int: 16    God:
Gold:   179        SH:  0    Dex: 15    Spells: 6/10 levels left

rFire    . . .     SeeInvis .   p - +2 short sword (protect)
rCold    . . .     Gourm    .   (no shield)
rNeg     . . .     Faith    .   a - +0 robe
rPois    .         Spirit   .   (helmet restricted)
rElec    .         Reflect  .   (no cloak)
rCorr    .         Harm     .   (no gloves)
MR       .....                  (boots unavailable)
Stlth    ++........             (no amulet)
Regen    0.1/turn               (no ring)
MPRegen  0.2/turn               (no ring)

@: flying quickly and evasively, quick
A: beak, talons 3, able to fly 1
a: no special abilities


You were on level 3 of the Dungeon.
You were hungry.

You visited 1 branch of the dungeon, and saw 3 of its levels.

You collected 179 gold pieces.

Inventory:

Hand Weapons
 d - a +0 short sword
 p - a +2 short sword of protection (weapon)
 q - a +0 falchion
 t - a +0 hunting sling
Missiles
 e - 39 sling bullets
 f - 83 arrows
 j - 12 bolts
 m - 58 stones (quivered)
 s - 14 poisoned needles
Armour
 a - a +0 robe (worn)
 r - a +0 pair of boots
Jewellery
 k - a +4 ring of strength {unknown}
 l - an uncursed ring of flight {unknown}
Wands
 y - a wand of polymorph (16/24)
Scrolls
 i - 2 scrolls of remove curse {unknown}
 n - a scroll of random uselessness
 v - 2 scrolls of enchant armour {unknown}
 w - a scroll of amnesia {unknown}
Potions
 h - 3 potions of curing
 o - a potion of resistance {unknown}
 x - a potion of heal wounds {unknown}
Books
 b - a Young Poisoner's Handbook

   Spells                             Type                      Level
   a - Sting                          Conjuration/Poison           1
   b - Poisonous Vapours              Poison/Air                   2
   c - Mephitic Cloud                 Conjuration/Poison/Air       3
   d - Olgreb's Toxic Radiance        Poison                       4
   e - Venom Bolt                     Conjuration/Poison           5
Comestibles
 c - 3 bread rations
 g - 4 fruits
 u - a meat ration


   Skills:
 + Level 0.2 Fighting
 + Level 0.4 Short Blades
 + Level 2.5 Dodging
 + Level 2.2 Stealth
 + Level 0.2 Unarmed Combat
 + Level 3.0 Spellcasting
 + Level 2.2 Conjurations
 * Level 1.3 Air Magic
 + Level 4.2 Poison Magic


You had 6 spell levels left.
You knew the following spells:

 Your Spells              Type           Power        Failure   Level  Hunger
a - Sting                 Conj/Pois      ##..         4%          1    #......
b - Mephitic Cloud        Conj/Pois/Air  ##......     19%         3    ###....


Dungeon Overview and Level Annotations

Branches:
Dungeon (3/15)

Altars:
Nemelex Xobeh


Innate Abilities, Weirdness & Mutations

You have a beak for a mouth.
You have claws for feet.
You can fly.


Message History

The orc warrior is heavily wounded.
The orc warrior closely misses you.
Casting: Sting
Confirm with . or Enter, or press ? or * to list all spells.
Aiming: Sting
Press: ? - help, Shift-Dir - straight line, f/p - orc warrior
Aim: an orc warrior, wielding a battleaxe and wearing a chain mail (heavily wounded)
The sting hits the orc warrior.
The orc warrior appears unharmed.
The orc warrior is heavily wounded.
The orc warrior closely misses you.
Casting: Sting
Confirm with . or Enter, or press ? or * to list all spells.
Aiming: Sting
Press: ? - help, Shift-Dir - straight line, f/p - orc warrior
Aim: an orc warrior, wielding a battleaxe and wearing a chain mail (heavily wounded)
The sting hits the orc warrior.
The orc warrior appears unharmed.
The orc warrior is heavily wounded.
The orc warrior hits you with a battleaxe!!
Ouch! That really hurt!
You die...

#....#....#######.##
#.#.###...........<#
..#..........####..#
#.#............##..###
#.##.........#.......#
#.#####...#######..#.#
#.# #...# #..#.# #.#
#...#######..#.## ..#
#..†.)...o@.....###
###
#..#######....#.).. #
#...........#)..### #
#.#...####>###.## #
#..............#
#######.#...####.###.#
.......?....# #.##..#
.#####...##.## #.##..#
.# #............##..#


You could see an orc warrior.

Vanquished Creatures
  Jessica (D:3)
  5 adders
  2 worms
  3 dart slugs
  A leopard gecko (D:2)
  An orc (D:3)
  7 bats
  3 giant cockroaches
  A goblin (D:2)
  7 hobgoblins
  9 kobolds
  2 quokkas
  2 frilled lizards
  2 rats
46 creatures vanquished.

Notes
Turn   | Place    | Note
-------+----------+-------------------------------------------
     0 | D:1      | Echep the Tengu Venom Mage began the quest for the Orb.
     0 | D:1      | Reached XP level 1. HP: 10/10 MP: 4/4
   156 | D:1      | Reached XP level 2. HP: 14/15 MP: 1/6
   690 | D:1      | Reached XP level 3. HP: 7/19 MP: 2/7
   959 | D:2      | Learned a level 3 spell: Mephitic Cloud
   972 | D:2      | Reached XP level 4. HP: 22/24 MP: 1/8
  1247 | D:2      | Reached skill level 4 in Poison Magic
  1657 | D:3      | Found a sparkling altar of Nemelex Xobeh.
  1657 | D:3      | Noticed Jessica
  1672 | D:3      | Killed Jessica
  1672 | D:3      | Reached skill level 1 in Air Magic
  1672 | D:3      | Gained mutation: You can fly. [Tengu growth]
  1672 | D:3      | Reached XP level 5. HP: 28/28 MP: 7/10
  1810 | D:3      | Noticed an orc warrior
  1850 | D:3      | Slain by an orc warrior

Skill      XL: |  1  2  3  4 |
---------------+-------------+-----
Poison Magic   | 4 |  4.2
Spellcasting   | 3 |  3.0
Conjurations   | 2 |  2.2
Air Magic      | 1 |  1.3
Fighting       | |  0.2
Short Blades   | |  0.4
Dodging        | |  2.5
Stealth        | |  2.2
Unarmed Combat | |  0.2

Action                   |  1- 3 |  4- 6 || total
-------------------------+-------+-------++-------
Melee: Short sword       |    11 |    17 ||    28
       Kick              |     2 |     1 ||     3
       Unarmed           |       |     5 ||     5
       Peck              |       |     1 ||     1
 Cast: Sting             |    38 |    59 ||    97
 Abil: Fly               |       |     1 ||     1
  Use: Scroll            |     4 |       ||     4
  Eat: Chunk             |       |     3 ||     3
Armor: Robe              |     1 |    11 ||    12
Dodge: Dodged            |    14 |    19 ||    33
